 Dungeon Crawl Stone Soup version 0.20-b1-24-gb21faa7 (webtiles) character file.

57 Gorglomux the Ducker (level 3, 0/29 HPs)
             Began as a Minotaur Artificer on May 25, 2017.
             Succumbed to an adder's poison
             ... on level 2 of the Dungeon.
             The game lasted 00:02:17 (1523 turns).

Gorglomux the Ducker (Minotaur Artificer)           Turns: 1523, Time: 00:02:18

Health: 0/29       AC:  3    Str: 16    XL:     3   Next: 73%
Magic:  4/4        EV: 12    Int: 10    God:
Gold:   109        SH:  0    Dex: 11    Spells: 2/2 levels left

rFire    . . .     SeeInvis .   a - +0 hand axe
rCold    . . .     Gourm    .   (no shield)
rNeg     . . .     Faith    .   b - +0 leather armour
rPois    .         Spirit   .   (helmet unavailable)
rElec    .         Reflect  .   (no cloak)
rCorr    .         Harm     .   (no gloves)
MR       .....                  (no boots)
Stlth    +.........             Q - amulet of rage
Regen    0.1/turn               (no ring)
MPRegen  0.1/turn               (no ring)

@: lethally poisoned (0 -> -3), berserk cooldown, slowed, very slow
A: retaliatory headbutt, horns 3, clever 1, inhibited regeneration, MP-powered
wands
a: Evoke Berserk Rage


You were on level 2 of the Dungeon.
You were near starving.

You visited 1 branch of the dungeon, and saw 2 of its levels.

You collected 109 gold pieces.

Inventory:

Hand Weapons
 a - a +0 hand axe (weapon)
 G - a +0 short sword
Armour
 b - a +0 leather armour (worn)
Jewellery
 Q - an amulet of rage (around neck)
Wands
 c - a wand of flame (32/48)
 e - a wand of random effects (15/48)
 E - a wand of enslavement (15/24)
Potions
 P - a potion of flight
Comestibles
 f - 2 bread rations
 N - a fruit
 R - a royal jelly


   Skills:
 + Level 2.1 Fighting
 - Level 1.4 Short Blades
 + Level 1.6 Axes
 + Level 1.6 Armour
 + Level 2.9 Dodging
 - Level 1.0 Stealth
 - Level 2.8 Evocations


You had 2 spell levels left.
You didn't know any spells.

Dungeon Overview and Level Annotations

Branches:
Dungeon (2/15)

Altars:
Ashenzari
Elyvilon
Gozag
Kikubaaqudgha


Innate Abilities, Weirdness & Mutations

You reflexively headbutt those who attack you in melee.
You have a pair of large horns on your head.
Your mind is acute. (Int +2)
You do not regenerate when monsters are visible.
You expend magic power (3 MP) to strengthen your wands.


Message History

You are near starving!
You feel sick.
You feel a strong urge to attack something.
You feel sick.
A rat comes into view.
You feel your anger subside.
You are no longer berserk.
You are exhausted.
You feel yourself slow down.
* * * LOW HITPOINT WARNING * * *
You feel sick.
* * * LOW HITPOINT WARNING * * *
You feel sick.
You hit the rat but do no damage. The rat closely misses you.
The rat bites you.
* * * LOW HITPOINT WARNING * * *
Unknown command.
You hit the rat.
You kill the rat!
You die...

.. ..########### .#
............##..
.........................
.......†@................
.........................
.........................
....$)...................
..######.................
. #.................
##.................
#..................
#####..............#.##


There were no monsters in sight!

Vanquished Creatures
  3 adders (D:2)
  A dart slug (D:1)
  A giant cockroach (D:1)
  4 goblins (D:1)
  3 hobgoblins (D:1)
  2 jackals (D:1)
  7 kobolds
  2 ball pythons
  A bat (D:1)
  2 frilled lizards
  4 rats
30 creatures vanquished.

Notes
Turn   | Place    | Note
-------+----------+-------------------------------------------
     0 | D:1      | Gorglomux the Minotaur Artificer began the quest for the Orb.
     0 | D:1      | Reached XP level 1. HP: 16/16 MP: 1/1
   177 | D:1      | Reached skill level 1 in Stealth
   177 | D:1      | Reached XP level 2. HP: 17/23 MP: 3/3
   682 | D:1      | Reached skill level 1 in Axes
   929 | D:2      | Found a white marble altar of Elyvilon.
   982 | D:2      | Found an opulent altar of Gozag.
  1069 | D:2      | Reached skill level 1 in Armour
  1069 | D:2      | Reached XP level 3. HP: 10/29 MP: 4/4
  1071 | D:2      | Gained mutation: You do not regenerate when monsters are visible. [potion of mutation]
  1071 | D:2      | Gained mutation: You expend magic power (3 MP) to strengthen your wands. [potion of mutation]
  1071 | D:2      | Gained mutation: You have a pair of large horns on your head. [potion of mutation]
  1071 | D:2      | Gained mutation: Your mind is acute. (Int +2) [potion of mutation]
  1092 | D:2      | HP: 1/29 [poisoned by an adder]
  1426 | D:2      | Found an ancient bone altar of Kikubaaqudgha.
  1459 | D:2      | Found a shattered altar of Ashenzari.
  1522 | D:2      | HP: 1/29 [rat (3)]
  1523 | D:2      | Succumbed to an adder's poison

Skill      XL: |  1  2  3 |
---------------+----------+-----
Stealth        | 1 |  1.0
Axes           | 1 |  1.6
Armour         | 1 |  1.6
Fighting       | 2 |  2.1
Short Blades   | |  1.4
Dodging        | |  2.9
Evocations     | |  2.8

Action                   || total
-------------------------++-------
Melee: Short sword       ||    26
       Headbutt          ||     7
       Hand axe          ||    52
 Abil: Evoke Berserk Rag ||     1
  Use: Scroll            ||     5
       Potion            ||     3
 Stab: Sleeping          ||     2
  Eat: Chunk             ||     1
Armor: Leather armour    ||    19
Dodge: Dodged            ||    56
